 Dungeon Crawl Stone Soup version 0.28-a0-998-gb9e9c7b67e (webtiles) character file.

Game seed: 6355625898339838500

301 KyoPewz the Digger (level 6, -1/45 HPs)
             Began as a Ghoul Earth Elementalist on Dec 6, 2021.
             Slain by an ogre (27 damage)
             ... on level 4 of the Dungeon.
             The game lasted 00:13:25 (3118 turns).

KyoPewz the Digger (Ghoul Earth Elementalist)       Turns: 3118, Time: 00:13:26

Health: -1/45      AC:  3    Str: 12    XL:     6   Next: 37%
Magic:  3/8        EV: 12    Int: 12    God:
Gold:   108        SH:  0    Dex:  9    Spells: 5/9 levels left

rFire   . . .      SeeInvis .   a - +0 dagger (elec) {short}
rCold   + . .      Faith    .   (no shield)
rNeg    + + +      Spirit   .   u - +0 robe
rPois   ∞          Reflect  .   (no helmet)
rElec   .          Harm     .   (no cloak)
rCorr   .          Rampage  .   (no gloves)
Will    .....                   o - +0 pair of boots
Stlth   ++........              (no amulet)
HPRegen 0.00/turn               (no ring)
MPRegen 0.11/turn               (no ring)

@: very slightly contaminated, inhibited regen
A: claws 1, cold resistance 1, negative energy resistance 3, inhibited
regeneration, torment resistance 2
a: no special abilities


You were on level 4 of the Dungeon.
You visited 1 branch of the dungeon, and saw 4 of its levels.

You collected 108 gold pieces.


Innate Abilities, Weirdness & Mutations

You thrive by killing the living.
You are immune to poison.
You have sharp fingernails.
Your flesh is cold resistant. (rC+)
You are immune to negative energy. (rN+++)
You do not regenerate when monsters are visible.
You are immune to unholy pain and torment.


   Skills:
 - Level 1.7 Dodging
 - Level 2.1 Stealth
 - Level 2.0 Spellcasting
 * Level 3.1 Conjurations
 - Level 1.0 Transmutations
 + Level 6.0 Earth Magic


You had 5 spell levels left.
You knew the following spells:

 Your Spells              Type           Power      Damage    Failure   Level
a - Sandblast             Erth           30%        2d9       2%          1
b - Stone Arrow           Conj/Erth      24%        3d8       12%         3

Your spell library contained the following spells:

 Spells                   Type           Power      Damage    Failure   Level
 Passwall                 Tmut/Erth      7%         N/A       10%         2
 Slow                     Hex            4%         N/A       26%         1
 Petrify                  Tmut/Erth      9%         N/A       54%         4
 Confusing Touch          Hex            1%         N/A       63%         3
 Vampiric Draining        Necr           1%         2d6       63%         3
 Olgreb's Toxic Radiance  Pois           1%         N/A       95%         4
 Ozocubu's Refrigeration  Ice            0%         4d5       100%        7
 Ignition                 Fire           0%         3d3       100%        8

Inventory:

Hand Weapons
 a - a +0 dagger of electrocution (weapon) {short}
   (You took it off a goblin on level 1 of the Dungeon)
 r - a +0 trident {polearm}
   (You took it off an orc on level 3 of the Dungeon)
Missiles
 c - 67 stones {throwing}
 g - 29 poisoned darts {throwing}
 k - 21 bolts
 l - 20 sling bullets
 m - 51 arrows
Armour
 o - a +0 pair of boots (worn)
   (You found it on level 2 of the Dungeon)
 u - a +0 robe (worn)
 v - a +0 ring mail
   (You found it on level 3 of the Dungeon)
Magical Staves
 b - a staff of conjuration {!a@e2staff}
   (You found it on level 3 of the Dungeon)
Scrolls
 f - a scroll of brand weapon {unknown}
 i - a scroll of fog {unknown}
 j - a scroll of immolation {unknown}
 n - a scroll of identify {unknown}
 q - a scroll of teleportation {unknown}
 w - a scroll of enchant armour {unknown}
Potions
 d - a potion of lignification {unknown}
 e - a potion of haste {unknown}
 h - 4 potions of curing {unknown}
 p - 2 potions of brilliance {unknown}
 s - 3 potions of mutation {unknown}
 t - a potion of heal wounds {unknown}

Dungeon Overview and Level Annotations

Branches:
Dungeon (4/15)
 Temple: D:4-7

Altars:
Kikubaaqudgha
Sif Muna
Uskayaw

#......##....#########.
#..>...##)...##........
#......................
#......##..#..#........
)......##..#..########.
.#####...........# .).#
####..##.##.# .#.####
#..##.##.# ......#
#.....##@#####...
....#.#
##.##....O)......
.#.)#.####.
#..#####.....
.#............. #.#
†...#.#######..#
.##.#.# ... .....<#
.#.. ####### #.#.. #
#.S


You could see an ogre.


Message History

Casting: Sandblast (safe; 2% risk of failure)
Confirm with . or Enter, or press ? or * to list all spells.
Aiming: Sandblast (safe; 2% risk of failure)
Press: ? - help, Shift-Dir - straight line, p - orc priest The blast of sand hits the orc priest! 😎 MP[-1]
You lost 1 mp, and now have 5/8 mp.
Casting: Sandblast (safe; 2% risk of failure)
Confirm with . or Enter, or press ? or * to list all spells.
Aiming: Sandblast (safe; 2% risk of failure)
Press: ? - help, Shift-Dir - straight line, f - orc
Aim: an orc, wielding a +0 war axe (79% to hit)
The blast of sand hits the orc priest!
You kill the orc priest!
An ogre comes into view. It is wielding a +0 giant club.
Your Conjurations skill increases to level 3!
Your Earth Magic skill increases to level 6! 😎 MP[-1]
You lost 1 mp, and now have 4/8 mp.
Casting: Sandblast (safe; 2% risk of failure)
Confirm with . or Enter, or press ? or * to list all spells.
Aiming: Sandblast (safe; 2% risk of failure)
Press: ? - help, Shift-Dir - straight line, f/p - orc
Aim: an orc, wielding a +0 war axe (79% to hit)
Okay, then.
You hit the orc. The orc hits you with a +0 war axe.
The orc misses you. 😕 HP[-6]
You take 6 damage, and now have 39/45 hp.
You hit the orc but do no damage.
The orc hits you with a +0 war axe. 😕 HP[-4]
You take 4 damage, and now have 35/45 hp.
You hit the orc.
You kill the orc!
You feel better. 😕 HP[+4] MP[+1]
You regained 4 hp, and now have 39/45 hp.
You closely miss the orc. The orc closely misses you.
You hit the orc but do no damage. The orc barely misses you.
The orc closely misses you.
You hit the orc but do no damage. The orc barely misses you.
You hit the orc but do no damage. The orc closely misses you.
You hit the orc but do no damage. The orc closely misses you.
You hit the orc. The orc closely misses you.
You closely miss the orc. The orc closely misses you.
The orc barely misses you.
You hit the orc.
You hear the slow hiss of a very distant avalanche of sand.
The orc closely misses you. 😕 MP[+1]
You barely miss the orc. The orc misses you.
You hit the orc. The orc closely misses you.
Press: ? - help, v - describe, . - travel A rock wall.
Unknown command.
You hear the crackle of electricity.
a - a +0 dagger of electrocution (weapon)
{short} The orc hits you with a +0 flail. 😕 HP[-2]
You take 2 damage, and now have 37/45 hp.
You hit the orc but do no damage. The orc barely misses you.
You hit the orc. The orc closely misses you.
You hit the orc but do no damage. Lightning courses through the orc!
You kill the orc!
Casting: Sandblast (safe; 2% risk of failure)
Confirm with . or Enter, or press ? or * to list all spells.
Aiming: Sandblast (safe; 2% risk of failure)
Press: ? - help, Shift-Dir - straight line, f - ogre
Aim: an ogre, wielding a +0 giant club (90% to hit)
The blast of sand hits the ogre!
The ogre misses you. 😕 MP[-1]
You lost 1 mp, and now have 5/8 mp.
Casting: Sandblast (safe; 2% risk of failure)
Confirm with . or Enter, or press ? or * to list all spells.
Aiming: Sandblast (safe; 2% risk of failure)
Press: ? - help, Shift-Dir - straight line, f/p - ogre
Aim: an ogre, wielding a +0 giant club (severely wounded, 90% to hit)
You miscast Sandblast.
You are very lightly contaminated with residual magic.
Nothing appears to happen. 😕 MP[-1]
You lost 1 mp, and now have 4/8 mp.
Casting: Sandblast (safe; 2% risk of failure)
Confirm with . or Enter, or press ? or * to list all spells.
Aiming: Sandblast (safe; 2% risk of failure)
Press: ? - help, Shift-Dir - straight line, f/p - ogre
Aim: an ogre, wielding a +0 giant club (severely wounded, 90% to hit)
The blast of sand hits the ogre.
The ogre hits you with a +0 giant club! 😮 HP[-11]
You take 11 damage, and now have 26/45 hp.
MASSIVE DAMAGE!! (PAUSE)
Casting: Sandblast (safe; 2% risk of failure)
Confirm with . or Enter, or press ? or * to list all spells.
Aiming: Sandblast (safe; 2% risk of failure)
Press: ? - help, Shift-Dir - straight line, f/p - ogre
Aim: an ogre, wielding a +0 giant club (severely wounded, 90% to hit)
You miscast Sandblast.
Nothing appears to happen.
The ogre hits you with a +0 giant club!!
Ouch! That really hurt!
You die...

Skill      XL: |  1  2  3  4  5  6 |
---------------+-------------------+-----
Transmutations | 1 |  1.0
Spellcasting   | 2 |  2.0
Earth Magic    | 4 5 6 |  6.0
Conjurations   | 2 3 |  3.1
Dodging        | |  1.7
Stealth        | |  2.1

Action                   |  1- 3 |  4- 6 || total
-------------------------+-------+-------++-------
Melee: Unarmed           |    50 |       ||    50
       Short sword       |    40 |       ||    40
       Dagger            |    45 |    37 ||    82
       Staff             |       |    21 ||    21
 Cast: Sandblast         |    11 |    32 ||    43
       Stone Arrow       |       |     4 ||     4
 Stab: Sleeping          |     3 |       ||     3
Armor: Robe              |    44 |    20 ||    64
Dodge: Dodged            |   116 |    58 ||   174

Levels and vault maps discovered:
D:1:      minmay_arrival_split_and_join, layout_loops_cross
D:2:      layout_loops_cross, st_stairs_7
D:3:      layout_basic, gammafunk_temple_overflow_forgotten
D:4:      layout_loops_cross, chequers_ossuary_entry_cave, uniq_sigmund,
          uniq_menkaure, uniq_blork_the_orc

Notes
Turn   | Place    | Note
-------+----------+-------------------------------------------
     0 | D:1      | KyoPewz the Ghoul Earth Elementalist began the quest for
                  | the Orb.
     0 | D:1      | Reached XP level 1. HP: 14/14 MP: 2/2
     0 | D:1      | magus.rc [v1.9.6]
    58 | D:1      | Reached skill level 1 in Transmutations
    74 | D:1      | Reached skill level 2 in Spellcasting
    76 | D:1      | Reached XP level 2. HP: 12/20 MP: 2/4
   429 | D:1      | Reached skill level 4 in Earth Magic
   898 | D:1      | Reached XP level 3. HP: 22/26 MP: 5/5
  1456 | D:2      | Reached skill level 5 in Earth Magic
  1997 | D:2      | Reached XP level 4. HP: 23/33 MP: 4/6
  2203 | D:2      | Learned a level 3 spell: Stone Arrow
  2386 | D:3      | Found a shimmering blue altar of Sif Muna.
  2386 | D:3      | Found an ancient bone altar of Kikubaaqudgha.
  2556 | D:3      | Reached skill level 1 in Conjurations
  2650 | D:3      | Found a hide-covered altar of Uskayaw.
  2657 | D:3      | You pick up a book of Debilitation and begin reading...
  2657 | D:3      | You add the spells Slow, Vampiric Draining and Confusing
                  | Touch to your library.
  2694 | D:3      | You add the spells Olgreb's Toxic Radiance, Ozocubu's
                  | Refrigeration and Ignition to your library.
  2868 | D:4      | Noticed Menkaure
  2870 | D:4      | Killed Menkaure
  2871 | D:4      | Reached skill level 2 in Conjurations
  2871 | D:4      | Reached XP level 5. HP: 38/38 MP: 0/7
  2871 | D:4      | Reached XP level 6. HP: 45/45 MP: 0/8
  3097 | D:4      | Reached skill level 3 in Conjurations
  3097 | D:4      | Reached skill level 6 in Earth Magic
  3118 | D:4      | Slain by an ogre

Vanquished Creatures
  Menkaure (D:4)
  An orc priest (D:4)
  An orc wizard (D:3)
  3 gnolls
  2 adders (D:2)
  3 worms (D:3)
  4 dart slugs
  6 orcs
  7 ball pythons
  3 endoplasms (D:1)
  3 giant cockroaches (D:1)
  2 goblins
  5 hobgoblins
  5 kobolds
  3 quokkas
  6 bats
  4 frilled lizards
  4 rats
63 creatures vanquished.

Vanquished Creatures (others)
  A plant (D:3)
1 creature vanquished.

Grand Total: 64 creatures vanquished

Table legend:
 A = Non-vault XP
 B = Vault XP
 C = Vault XP percentage of total XP
 D = Non-vault monster count
 E = Vault monster count
 F = Vault count percentage of total count
                 A         B        C        D         E       F
            +---------+---------+-------+---------+---------+-------
      Total |     256 |     175 |  40.6 |      59 |       4 |   6.3
            +---------+---------+-------+---------+---------+-------
        D:1 |      42 |       0 |   0.0 |      24 |       0 |   0.0
        D:2 |      37 |       3 |   7.5 |      10 |       3 |  23.1
        D:3 |      88 |       0 |   0.0 |      14 |       0 |   0.0
        D:4 |      89 |     172 |  65.9 |      11 |       1 |   8.3
            +---------+---------+-------+---------+---------+-------

Illustrated notes

Table legend:
 A = Kills in this place as a percentage of kills in entire the game.
 B = Kills by you in this place as a percentage of kills by you in the entire game.
 C = Kills by friends in this place as a percentage of kills by friends in the entire game.
 D = Other kills in this place as a percentage of other kills in the entire game.
 E = Experience gained in this place as a percentage of experience gained in the entire game.
 F = Experience gained in this place divided by the number of levels of this place that you have seen.
                   A       B       C       D       E      F
               +-------+-------+-------+-------+-------+----------------------
         Total | 100.0 | 100.0 |   N/A |   N/A | 100.0 | 107.8
       Dungeon | 100.0 | 100.0 |   N/A |   N/A | 100.0 | 107.8
               +-------+-------+-------+-------+-------+----------------------

Table legend: (Time is in decaauts)
 A = Elapsed time spent in this place.
 B = Non-inter-level travel time spent in this place.
 C = Inter-level travel time spent in this place.
 D = Time resting spent in this place.
 E = Time spent auto-exploring this place.
 F = Levels seen in this place.
 G = Mean time per level.
                   A        B        C        D        E       F      G
               +--------+--------+--------+--------+--------+-----+--------+
         Total |   3129 |   2985 |    144 |    598 |   1777 |   4 |  782.2 |
       Dungeon |   3129 |   2985 |    144 |    598 |   1777 |   4 |  782.2 |
               +--------+--------+--------+--------+--------+-----+--------+

Top non-repeatable levels by time:
     D:1: 1207 daAuts
     D:2: 1012 daAuts
     D:3: 734 daAuts
     D:4: 175 daAuts
